Cogmind - Beta 13 @@@ ROGUE MODE // 2024.04.10 @ 16:39:27 Player: Catty Watty Result: Destroyed by D-53 Grenadier with Mini Grenade Launcher Performance ------------- Evolutions (0) 0 Regions Visited (2) 400 Robots Destroyed (22) 110 Value Destroyed (500) 500 Prototype IDs (0) 0 Alien Tech Used (0) 0 Bonus (28) 28 TOTAL SCORE: 1038 Bonus ------- Follower Combat Kills 28 Cogmind --------- Core Integrity 0/250 Matter 442/450 Energy 160/160 System Corruption 0% Temperature Cool (80) Movement Core (250) Ox4 Location -10/Mines Parts ------- > --- POWER (1) -------- Light Nuclear Core > --- PROPULSION (2) --- (None) > --- UTILITY (2) ------ Small Storage Unit Large Matter Pod > --- WEAPON (2) ------- Light Assault Rifle > --- INVENTORY (8) ---- Heat Sink High-capacity Battery (250) High-capacity Matter Pod (200) Visual Processing Unit Sensor Array Seismic Detector Targeting Computer Peak State ------------ > --- POWER ------------ Light Nuclear Core > --- PROPULSION ------- Aluminum Leg Aluminum Leg > --- UTILITY ---------- Small Storage Unit Large Matter Pod > --- WEAPON ----------- Particle Gun Light Assault Rifle > --- INVENTORY -------- Heat Sink High-capacity Battery High-capacity Matter Pod Visual Processing Unit Sensor Array Seismic Detector Targeting Computer [Rating: 10] Favorites ----------- Power Light Ion Engine Engine Light Ion Engine Power Core Light Nuclear Core Propulsion Light Treads Treads Light Treads Leg Aluminum Leg Utility Small Storage Unit Storage Small Storage Unit Weapon Light Assault Rifle Energy Gun Medium Laser Ballistic Gun Light Assault Rifle Launcher Grenade Launcher Build | -11 -10 -10 ------- Run | Yrd Mat Min Slots Evolved . | . . . Power . | . . . Propulsion . | . . . Utility . | . . . Weapon . | . . . Parts Attached 16 | 6 6 4 Power 4 | 1 2 1 Engine 2 | 1 1 . Core 2 | . 1 1 Reactor . | . . . Propulsion 4 | 2 2 . Treads 2 | 2 . . Leg 2 | . 2 . Wheel . | . . . Hover . | . . . Flight . | . . . Utility 2 | 1 1 . Device . | . . . Storage 2 | 1 1 . Processor . | . . . Hackware . | . . . Protection . | . . . Artifact . | . . . Weapon 6 | 2 1 3 Energy Gun 3 | 1 1 1 Energy Cannon . | . . . Ballistic Gun 2 | 1 . 1 Ballistic Cannon . | . . . Launcher 1 | . . 1 Special Weapon . | . . . Impact Weapon . | . . . Slashing Weapon . | . . . Piercing Weapon . | . . . Special Melee Weapon . | . . . Unidentified Prototypes . | . . . Parts Lost 10 | . 3 7 Power 2 | . 1 1 Propulsion 4 | . 2 2 Utility . | . . . Weapon 4 | . . 4 Highest Loss Streak 3 | . 1 3 To Critical Strikes . | . . . Average Slot Usage (%) 93 | . 96 90 Engine 6 | . 11 . Core 5 | . 1 10 Treads 12 | . 23 . Leg 13 | . 2 27 Storage 27 | . 27 28 Energy Gun 11 | . 14 7 Ballistic Gun 12 | . 14 11 Launcher 1 | . . 3 Naked Turns . | . . . Heaviest Build 17 | 11 16 17 Greatest Support 40 | 40 40 20 Greatest Overweight (x) 5 | . 5 . Average Overweight (x) . | . . . Largest Inventory Capacity 8 | 8 8 8 Average Capacity 7 | 6 8 8 Most Carried 8 | . 8 8 Average Carried 5 | . 4 7 Final Capacity 8 | 8 8 8 Final Carried 7 | . 7 7 Class Distribution -------------------- 94% | Mutant 5% | Scavenger-Mutant Dominant Class ---------------- Mutant | -10/Materials Mutant | -10/Mines Resources | -11 -10 -10 ----------- Run | Yrd Mat Min Matter Collected 769 | 256 411 102 Remotely . | . . . Salvage Created 595 | . 498 97 Parts 50 | . 44 6 Haulers Intercepted 1 | . 1 . Recyclers Shooed . | . . . Parts Field Recycled . | . . . Retrieved Matter . | . . . Parts Self-Destructed . | . . . Prevented . | . . . Kills | -11 -10 -10 ------- Run | Yrd Mat Min Combat Hostiles Destroyed 18 | . 13 5 Guns 16 | . 13 3 AOE 2 | . . 2 Classes Destroyed 6 | . 5 1 Worker 1 | . 1 . Hauler 1 | . 1 . Watcher 2 | . 2 . Swarmer 8 | . 6 2 Grunt 9 | . 7 2 Demolisher 1 | . . 1 Best Kill Streak 5 | . 5 2 Combat Bots Only 4 | . 4 2 Max Kills in Single Turn 1 | . 1 1 Gunslinging . | . . . Exploded 1 | . . 1 Melee . | . . . Uniques/NPCs Destroyed . | . . . Combat | -11 -10 -10 -------- Run | Yrd Mat Min Hostile Shots Fired 172 | . 112 60 Missed 57 | . 39 18 Damage Taken 1256 | . 708 548 Core 264 | . 167 97 Absorbed by Shields . | . . . Core Remaining (%) 100 | 100 . . Volleys Fired 92 | . 62 30 Largest 2 | . 2 2 Hottest 85 | . 70 85 Shots Fired 159 | . 124 35 Gun 156 | . 124 32 Cannon . | . . . Launcher 3 | . . 3 Special . | . . . Kinetic 88 | . 62 26 Thermal 64 | . 58 6 Explosive 3 | . . 3 Electromagnetic 4 | . 4 . Robot Hit Streak 8 | . 8 7 Robot Miss Streak 5 | . 5 2 Penetration Max . | . . . Secondary Targets 3 | . 3 . Max Gunslinging Chain 1 | . 1 . Shots Hit Robots 97 | . 74 23 Core Hits 40 | . 29 11 Critical Kills . | . . . Critical Parts Destroyed 1 | . 1 . Critical Strikes 5 | . 4 1 Burn 4 | . 3 1 Destroy 1 | . 1 . Melee Attacks . | . . . Impact . | . . . Slashing . | . . . Piercing . | . . . Sneak Attacks . | . . . Combat Hostiles . | . . . Follow-up Attacks . | . . . Damage Inflicted 1050 | . 785 265 Guns 979 | . 785 194 Cannons . | . . . Explosions 57 | . . 57 Melee . | . . . Ramming 14 | . . 14 Kinetic 471 | . 302 169 Thermal 465 | . 440 25 Explosive 57 | . . 57 Electromagnetic 43 | . 43 . Impact . | . . . Slashing . | . . . Piercing . | . . . Highest Corruption . | . . . Average Corruption . | . . . Corruption Purged . | . . . Corruption Blocked . | . . . Overload Shots . | . . . Overflow Damage . | . . . Projectiles . | . . . Explosions . | . . . Melee . | . . . Knockbacks . | . . . Impact . | . . . Kinetic . | . . . Secondary . | . . . Self-Inflicted Damage . | . . . Shots . | . . . Rammed 1 | . 1 . Targets Rammed 8 | . 1 7 Kicked 7 | . . 7 Crushed . | . . . Highest Temperature 222 | . 222 90 Average Temperature 64 | . 68 27 Received Heat Transfer 450 | . 297 153 Siege Activations . | . . . Robots Corrupted . | . . . Combat Hostiles . | . . . Parts Fried . | . . . Impact Corruptions . | . . . Robots Melted . | . . . Combat Hostiles . | . . . Parts Melted 2 | . 2 . Heat Transferred 1665 | . 1517 148 Parts Sabotaged . | . . . Parts Stolen . | . . . Parts Stripped . | . . . Power Chain Reactions . | . . . Alert | -11 -10 -10 ------- Run | Yrd Mat Min Peak Influence 290 | . 290 219 Initial 112 | . . 112 Average 92 | . 93 103 Maximum Alert Level 1 | . 1 1 Low Security (%) 86 | 100 74 99 Level 1 13 | . 25 . Level 2 . | . . . Level 3 . | . . . Level 4 . | . . . Level 5 . | . . . High Security . | . . . Max Security . | . . . Squads Dispatched 3 | . 3 . Investigation . | . . . Extermination . | . . . Reinforcement 3 | . 3 . Assault . | . . . Garrison . | . . . Intercept . | . . . Searches Triggered . | . . . Construction Impeded . | . . . Haulers Reinforced . | . . . Active Scanning Responses . | . . . Cargo Convoy Interrupts . | . . . Stealth | -11 -10 -10 --------- Run | Yrd Mat Min Distress Signals 1 | . . 1 Communications Jammed . | . . . Distress Signals . | . . . Times Spotted 38 | . 21 17 Peak Tracking Total 8 | . 4 8 Tactical Retreats 5 | . 4 1 Traps | -11 -10 -10 ------- Run | Yrd Mat Min Traps Triggered . | . . . Indirectly . | . . . Trap Hack Attempts . | . . . Triggered . | . . . Disarmed . | . . . Reprogrammed . | . . . Reused . | . . . Traps Extracted . | . . . Installed . | . . . Triggered . | . . . Machines | -11 -10 -10 ---------- Run | Yrd Mat Min Machines Disabled . | . . . Max in Single Turn . | . . . Machines Repaired . | . . . Machines Dismantled . | . . . Machines Sabotaged . | . . . Overloaded Fab Kills . | . . . Hacking | -11 -10 -10 --------- Run | Yrd Mat Min Machines Accessed 3 | . 3 . Terminals 2 | . 2 . Fabricators . | . . . Repair Stations . | . . . Recycling Units 1 | . 1 . Scanalyzers . | . . . Garrison Access . | . . . Total Hacks 7 | . 7 . Successful 6 | . 6 . Failed 1 | . 1 . Catastrophic . | . . . Database Lockouts . | . . . Manual . | . . . Terminals 5 | . 5 . Fabricators . | . . . Repair Stations . | . . . Recycling Units 2 | . 2 . Scanalyzers . | . . . Garrison Access . | . . . Terminal Hacks 4 | . 4 . Emergency Access Points 1 | . 1 . Alert Level 1 | . 1 . Transport Status 1 | . 1 . Hauler Manifests 1 | . 1 . Fabricator Hacks . | . . . Repair Station Hacks . | . . . Recycling Unit Hacks 2 | . 2 . Process 1 | . 1 . Report Inventory 1 | . 1 . Scanalyzer . | . . . Garrison Access Hacks . | . . . Unauthorized Hacks . | . . . Terminals . | . . . Fabricators . | . . . Repair Stations . | . . . Recycling Units . | . . . Scanalyzers . | . . . Garrison Access . | . . . Data Cores Recovered . | . . . Used . | . . . Hacking Detections 2 | . 2 . Full Trace Events . | . . . Feedback Events . | . . . Feedback Blocked . | . . . Robot Schematics Acquired . | . . . Robots Built . | . . . Authchips . | . . . Time . | . . . Total Robot Build Rating . | . . . Part Schematics Acquired . | . . . Parts Built . | . . . Authchips . | . . . Time . | . . . Total Part Build Rating . | . . . Parts Repaired . | . . . Time . | . . . Parts Recycled . | . . . Recycled Matter 4 | . 4 . Retrieved Matter . | . . . Retrieved Components . | . . . Parts Scanalyzed . | . . . Part Schematics Acquired . | . . . Parts Damaged . | . . . Bothacking | -11 -10 -10 ------------ Run | Yrd Mat Min Used RIF Installer . | . . . Robots Hacked . | . . . Non-combat . | . . . Combat . | . . . Robot Hacks Applied . | . . . Relay Couplers Released . | . . . Fabnet Peak Effective % . | . . . Robots Rewired . | . . . Allies Hacked . | . . . Hacks Repelled . | . . . Allies | -11 -10 -10 -------- Run | Yrd Mat Min Total Allies 2 | . . 2 Largest Group 2 | . . 2 Highest-Rated Group 42 | . . 42 Highest-Rated Ally 31 | . . 31 Total Orders . | . . . Ally Attacks 11 | . . 11 Total Damage 188 | . . 188 Kills 4 | . . 4 Allies Corrupted . | . . . Allies Melted . | . . . Intel | -11 -10 -10 ------- Run | Yrd Mat Min Robot Analysis Total . | . . . Derelict Logs Recovered 1 | . . 1 Drone Launches . | . . . Drone Recoveries . | . . . Exploration | -11 -10 -10 ------------- Run | Yrd Mat Min Turns Passed 1504 | 80 771 653 Spaces Moved 890 | 49 369 472 Core 7 | 6 1 . Treads 371 | 43 328 . Legs 512 | . 40 472 Wheels . | . . . Hover . | . . . Flight . | . . . Fastest Speed 50 | 50 120 120 Average Speed 136 | 146 156 120 Slowest Speed 300 | 160 300 120 Overloaded Moves . | . . . Propulsion Burnouts . | . . . Robots Hopped . | . . . Cave-ins Triggered . | . . . Exploration Rate (%) 38 | 4 50 61 Regions Visited 2 Branch Regions 1 Pre-discovered Areas . | . . . Known Exits Taken . | . . . Unknown Exits Taken 2 | 1 1 . Scrap Searched . | . . . Spaces Dug . | . . . Terrain Destroyed 20 | . . 20 Melee . | . . . Projectile . | . . . AOE 20 | . . 20 Terrain Rammed . | . . . Walls Destroyed . | . . . Machines Disabled . | . . . Actions | -11 -10 -10 --------- Run | Yrd Mat Min Total 1031 | 54 451 526 Wait 12 | . . 12 Move 888 | 48 368 472 Hop . | . . . Pick Up 11 | . 10 1 Fast Attach 13 | 6 4 3 Attach 3 | . 2 1 Detach 1 | . 1 . Swap . | . . . Drop 3 | . 3 . Fire 92 | . 62 30 Melee . | . . . Ram . | . . . Kick 7 | . . 7 Crush 1 | . 1 . Escape Stasis . | . . . Rewire . | . . . Trap . | . . . Miscellaneous . | . . . Route ------- -11/Scrapyard -10/Materials (discovered 2 exits: [*Mat] / [*Min]) -10/Mines History --------- Turn | Location | Event 4 | -11/Scrapyard | Discovered new exit (range 16) 81 | -11/Scrapyard | Entered Materials 227 | -10/Materials | Discovered new exit (range 15) 319 | -10/Materials | Build established: Mutant 655 | -10/Materials | Core integrity fell below 50% 718 | -10/Materials | Discovered new exit (range 8) 852 | -10/Materials | Entered Mines 1067 | -10/Mines | Learned location of 1 exit from Materials 1407 | -10/Mines | Core integrity fell below 20% 1473 | -10/Mines | Assembled infested the area 1505 | -10/Mines | Destroyed by D-53 Grenadier with Mini Grenade Launcher Last Messages --------------- Kicked R-06 Scavenger. Kicked K-01 Serf. K-01 Serf sends out distress signal. Critical hit (Burn: +37). Grenade Launcher destroyed. G-34 Mercenary destroyed. G-47 Trooper destroyed. Acquired 15 matter. Acquired Particle Gun. Acquired Lgt. Nuclear Core. ALERT: Infestation in the mines, dispatching Demolisher response squad. as-02435 destroyed. as-28616 destroyed. as-77884 destroyed. as-51658 destroyed. D-53 Grenadier destroyed. Aluminum Leg destroyed. Particle Gun destroyed. The unstable cave ceiling collapses. Map ----- +----------------------------------------------------+ | | | | | | | | | | | | | | | | | | | | | | | | | | | | | | | | | | | | | | | ???????????????????????????????????????? | | ?????????????######?####?###???????????? | | ????????????## ### # ###?????????? | | ????????????# ##????????? | | ????????????# # #????????? | | ?????????????# #######??? | | ?????????????## @ d #??? | | ??????????????# #### #####* #??? | | ??????????????# #??## #??#% #??? | | ??????######### #???## ##?# ! #??? | | ??????# #????## ## ## ??? | | ??????# #########?????##?? #?? | | ??????# #????####?????????# g #?? | | ??????# ###### ##?????????# % #?? | | ??????# =%! % #?????????# #?? | | ??????####### #?????????# #?? | | ????????????## #?????????# #?? | | ???????####### #????????? ?? | | ??????## ##??????? #?? | | ??????# ##????? ?? | | ?????## ##### ##????? ?? | | #???## #???## !#??????? ??? | | ##?## ##???## | #?????????? ??? | | ### ##????# #???????????? "??? | | ##????# !!##??????????????????? | | ##?????# ##???????????????????? | | ## #??????## ##????????????????????? | | ?## #####????####?????????????????????? | | ??# #### ##????????????????????????????? | | ??# #?# ##???????????????????????????? | | ### ### #######?????????????????????? | +----------------------------------------------------+ Best States ------------- Heat Dissipation 25 Energy Generation 14 Energy Capacity 160 Matter Stores 450 Matter Capacity 450 Sight Range 16 Terrain Scan Density 10 Evasion (%) 55 Recoil Reduction 2 Item Schematics ----------------- None Robot Schematics ------------------ None Fabricated ------------ Nothing Alien Tech Used ----------------- None Achievements -------------- None Challenges ------------ None Game ------ Seed PortableDataMatrix Manual? 0 Play Time 00:18:24 Cumulative 2.3 hours Start 2024.04.10 @ 09:25:28 End 2024.04.10 @ 16:39:27 Sessions 2 Manual Loads 0 Difficulty Rogue Special Mode None Game No. 9 Rogue 9 Adventurer 0 Explorer 0 Win Type - Total 0 Types 0/0/0/0/0/0/0/0/0 Lore% 1 Gallery% 7 Achievement% 8 Wizard Run 0 Options --------- Layout 1 ASCII 0 Keyboard 0 Movement Arrows Keybinds 0 Fullscreen 1 Font 24/Smallcaps Map View 50x35 Zoom Use 0% Tactical HUD 0 Map Filters NONE Filters NONE Steam 1 RUN: eccc6f4b-eca6-4885-a21c-a4d2907b0f66